[Event "Turkey IS Bank Super League 2017"]
[Site "Darica-Kocaeli"]
[Date "2017.07.28"]
[Round "3"]
[White "Nomin-Erdene, Davaademberel"]
[Black "Karavade, Eesha"]
[Result "1/2-1/2"]
[ECO "B48"]
[WhiteElo "2373"]
[BlackElo "2397"]
[Annotator "NA"]
[PlyCount "84"]
[EventType "team-tourn"]
[EventCountry "TUR"]
[SourceTitle "playchess.com"]
[Source "ChessBase"]
[SourceQuality "1"]
[TimeControl "40/5400+30:1800+30"]

1. e4 c5 2. Nf3 e6 3. d4 cxd4 4. Nxd4 Nc6 5. Nc3 Qc7 6. Be3 a6 7. Qd2 Nf6 8. f3 Be7 9. g4 b5 {[%emt 0:04:30] LiveBook: 11 Games} 10. g5 Nxd4 11. Bxd4 Nh5 12. Ne2 Bb7 13. O-O-O $11 Rc8 14. c3 f6 15. Ng3 Nf4 16. gxf6 Bxf6 17. Bxf6 gxf6 18. Kb1 Ke7 19. Ne2 Nxe2 20. Bxe2 Rcg8 21. c4 bxc4 22. Bxc4 Rg6 23. Qb4+ Ke8 24. Rc1 Bc6 25. Rhd1 Kf7 26. Rd6 Re8 27. Rd2 Rb8 28. Qc3 Qb6 29. Qd3 a5 30. Qd6 Rg1 31. Rxg1 Qxg1+ 32. Rd1 Qb6 33. Qd2 a4 34. a3 Rg8 35. Qh6 Rg2 36. Qxh7+ Ke8 37. Qh8+ Ke7 38. Qh7+ Ke8 39. Qh5+ Ke7 40. Qh7+ Kd8 41. Qh8+ Ke7 42. Qh7+ Kd8 1/2-1/2

[Event "Turkey IS Bank Super League 2017"]
[Site "Darica-Kocaeli"]
[Date "2017.07.28"]
[Round "3"]
[White "Soysal, Serkan"]
[Black "Oksuz, Akin"]
[Result "1-0"]
[ECO "A88"]
[WhiteElo "2367"]
[BlackElo "2165"]
[Annotator "NA"]
[PlyCount "115"]
[EventType "team-tourn"]
[EventCountry "TUR"]
[SourceTitle "playchess.com"]
[Source "ChessBase"]
[SourceQuality "1"]
[TimeControl "40/5400+30:1800+30"]

1. Nf3 d6 2. d4 g6 3. c4 f5 4. g3 Bg7 5. Bg2 Nf6 6. O-O O-O 7. Nc3 c6 8. Re1 Na6 9. a3 Qc7 10. Bf4 Nh5 11. Bc1 $11 e5 12. e3 h6 13. b3 Be6 14. Bb2 Qf7 15. Rc1 Rad8 16. d5 Bc8 17. b4 c5 18. Qb3 g5 19. Nd2 b6 20. Nb5 Nf6 21. Qa4 e4 22. Qb3 Ng4 23. Bxg7 Qxg7 24. f3 exf3 25. Nxf3 Rfe8 26. Nd2 Nb8 27. bxc5 bxc5 28. h3 Ne5 29. Qc2 Rf8 30. Rf1 Rf6 31. Rb1 Qd7 32. Ne4 Rg6 33. Nd2 Rf8 34. Nc3 Ba6 35. g4 Rgf6 36. gxf5 Bxc4 37. Nxc4 Nxc4 38. Ne4 Nb6 39. Nxf6+ Rxf6 40. Qe4 Na6 41. h4 gxh4 42. Qxh4 Qf7 43. e4 c4 44. Rf3 Kh7 45. Rg3 Nc5 46. Rg6 Rxg6 47. fxg6+ Qxg6 48. Qe7+ Qg7 49. Qxd6 Nxe4 50. Qe6 Nd2 51. Rd1 c3 52. Kh1 Qg6 53. Qe7+ Kh8 54. Re1 Qh5+ 55. Kg1 Nf3+ 56. Bxf3 Qxf3 57. Qe8+ Kg7 58. Re7+ 1-0

[Event "Turkey IS Bank Super League 2017"]
[Site "Darica-Kocaeli"]
[Date "2017.07.28"]
[Round "3"]
[White "Kerigan, Demre"]
[Black "Samani, Yamac"]
[Result "1/2-1/2"]
[ECO "B23"]
[WhiteElo "2354"]
[BlackElo "2263"]
[Annotator "NA"]
[PlyCount "89"]
[EventType "team-tourn"]
[EventCountry "TUR"]
[SourceTitle "playchess.com"]
[Source "ChessBase"]
[SourceQuality "1"]
[TimeControl "40/5400+30:1800+30"]

1. e4 c5 2. Nc3 Nc6 3. Bb5 e6 4. Bxc6 bxc6 5. d3 Ne7 6. f4 d5 7. Nf3 Ng6 8. O-O Bd6 9. Qe1 $11 O-O 10. Qg3 f6 11. Bd2 Qc7 12. Nh4 Nxh4 13. Qxh4 Rb8 14. b3 f5 15. e5 Be7 16. Qf2 Ba6 17. Rfd1 Rfd8 18. Na4 d4 19. Rac1 c4 20. dxc4 c5 21. Nb2 Bb7 22. Nd3 Qc6 23. Ne1 Qa6 24. Ra1 Be4 25. Nd3 Rd7 26. h3 Kh8 27. Kh2 Qc8 28. Rg1 Qe8 29. Qe2 Bf8 30. Raf1 g6 31. Be1 Be7 32. Bg3 Rb6 33. Qf2 Ra6 34. Ra1 Qd8 35. Qe2 Qc8 36. a4 Rd8 37. Rad1 Rd7 38. Bf2 Rb6 39. Qe1 Qd8 40. Qa5 Qc8 41. Bg3 Ra6 42. Qd2 Rb6 43. Qe2 Rb8 44. Rd2 Qc7 45. Qd1 1/2-1/2

[Event "Turkey IS Bank Super League 2017"]
[Site "Darica-Kocaeli"]
[Date "2017.07.28"]
[Round "3"]
[White "Gokerkan, Cem Kaan"]
[Black "Ozenir, Ekin Baris"]
[Result "0-1"]
[ECO "A26"]
[WhiteElo "2321"]
[BlackElo "2098"]
[Annotator "NA"]
[PlyCount "80"]
[EventType "team-tourn"]
[EventCountry "TUR"]
[SourceTitle "playchess.com"]
[Source "ChessBase"]
[SourceQuality "1"]
[TimeControl "40/5400+30:1800+30"]

1. c4 e5 2. Nc3 Nc6 3. g3 g6 4. Bg2 Bg7 5. d3 d6 6. e4 Nge7 7. Nge2 O-O 8. O-O Be6 9. Nd5 Qd7 10. Be3 $11 f5 11. Qd2 Rae8 12. Rae1 Rf7 13. b3 Ref8 14. f3 Nd4 15. Nxd4 exd4 16. Nxe7+ Rxe7 17. Bg5 Ree8 18. Bh6 c6 19. Bxg7 Qxg7 20. f4 fxe4 21. dxe4 c5 22. h3 Bd7 23. g4 Bc6 24. g5 h6 25. h4 hxg5 26. hxg5 Qd7 27. Qd1 Re7 28. Rf2 Rfe8 29. Qd3 Qg4 30. e5 Kg7 31. Ref1 dxe5 32. fxe5 Qxg5 33. e6 Rxe6 34. Qh3 R6e7 35. Qh2 d3 36. Qd6 Rd7 37. Qxd7+ Bxd7 38. Rf7+ Kh6 39. Rxd7 Re2 40. Rf2 Rxf2 0-1

[Event "Turkey IS Bank Super League 2017"]
[Site "Darica-Kocaeli"]
[Date "2017.07.28"]
[Round "3"]
[White "Ozen, Bahadir"]
[Black "Unat, Can Haktan"]
[Result "1-0"]
[ECO "A11"]
[WhiteElo "2315"]
[BlackElo "2006"]
[Annotator "NA"]
[PlyCount "67"]
[EventType "team-tourn"]
[EventCountry "TUR"]
[SourceTitle "playchess.com"]
[Source "ChessBase"]
[SourceQuality "1"]
[TimeControl "40/5400+30:1800+30"]

1. g3 d5 2. Bg2 c6 3. Nf3 Nf6 4. c4 Bg4 5. cxd5 cxd5 6. Qb3 Qc7 7. Nc3 e6 8. d3 Nc6 9. Bf4 Qd7 10. Ne5 Nxe5 11. Bxe5 Be7 12. h3 Bh5 13. O-O $14 O-O 14. e4 Rad8 15. g4 Bg6 16. f4 h6 17. f5 Bh7 18. Kh1 Rfe8 19. Bh2 d4 20. Nb5 Rc8 21. Nxa7 Rc5 22. Rac1 exf5 23. gxf5 Bd6 24. Rxc5 Bxh2 25. Qb5 Qd6 26. e5 Bxe5 27. Re1 Nd7 28. Rd5 Qf8 29. Qxd7 f6 30. Rc1 Kh8 31. Rc8 Rxc8 32. Qxc8 Qxc8 33. Nxc8 Bxf5 34. Be4 1-0

[Event "Turkey IS Bank Super League 2017"]
[Site "Darica-Kocaeli"]
[Date "2017.07.28"]
[Round "3"]
[White "Tuncer, Tuna"]
[Black "Ozen, Deniz"]
[Result "0-1"]
[ECO "C07"]
[WhiteElo "2274"]
[BlackElo "2351"]
[Annotator "NA"]
[PlyCount "80"]
[EventType "team-tourn"]
[EventCountry "TUR"]
[SourceTitle "playchess.com"]
[Source "ChessBase"]
[SourceQuality "1"]
[TimeControl "40/5400+30:1800+30"]

1. e4 e6 2. d4 d5 3. Nd2 c5 4. Ngf3 cxd4 5. exd5 Qxd5 6. Bc4 Qd7 7. O-O Nc6 8. Nb3 a6 9. Nbxd4 Nxd4 10. Nxd4 Qc7 11. Qe2 Bd6 12. Nf5 Bxh2+ 13. Kh1 Be5 14. Re1 g6 15. Nh6 Bf4 16. Nxf7 Kxf7 $15 ({Much less strong is} 16... Qxf7 17. Bxf4 Qxf4 18. Bxe6 $17) 17. Bxe6+ Kg7 18. Bxg8 Rxg8 19. Bxf4 Qxf4 20. Qe7+ Kh8 21. Re4 Qh6+ 22. Rh4 Qg7 23. Re1 Bf5 24. g4 Qxe7 25. Rxe7 g5 26. Rh2 Bg6 27. f3 Rg7 28. Rhe2 Rxe7 29. Rxe7 b5 30. Re2 Re8 31. Rd2 Re1+ 32. Kg2 Rc1 33. Kg3 Rxc2 34. Rd6 a5 35. Rd5 Rxb2 36. Rxg5 a4 37. f4 Bf7 38. a3 b4 39. axb4 a3 40. Ra5 a2 0-1

[Event "Turkey IS Bank Super League 2017"]
[Site "Darica-Kocaeli"]
[Date "2017.07.28"]
[Round "3"]
[White "Demircioglu, Emre"]
[Black "Karatekin, Tamer"]
[Result "1/2-1/2"]
[ECO "E16"]
[WhiteElo "2265"]
[BlackElo "2287"]
[Annotator "NA"]
[PlyCount "82"]
[EventType "team-tourn"]
[EventCountry "TUR"]
[SourceTitle "playchess.com"]
[Source "ChessBase"]
[SourceQuality "1"]
[TimeControl "40/5400+30:1800+30"]

1. d4 Nf6 2. c4 e6 3. Nf3 b6 4. g3 Bb7 5. Bg2 g6 6. O-O d5 7. Ne5 Bg7 8. Bg5 O-O 9. Nc3 h6 10. Bxf6 Bxf6 11. cxd5 exd5 {[%emt 0:00:30] [#]} 12. Qb3 (12. f4 $1 $16) 12... c6 13. e4 $14 Bxe5 14. dxe5 d4 15. Rfd1 Na6 16. Qc4 c5 17. Nd5 Rb8 18. a4 Kg7 19. f4 Rc8 20. h4 Nc7 21. b4 Na6 22. bxc5 Nxc5 23. Qxd4 Bxd5 24. Qxd5 Qe7 25. Qd6 Rfe8 26. Qxe7 Rxe7 27. Rac1 Rec7 28. Bh3 Re8 29. Rc4 Ree7 30. Rdc1 a5 31. Rb1 Nd3 32. Rxc7 Rxc7 33. Rxb6 Rc1+ 34. Bf1 Nc5 35. Rc6 Rc3 36. Bb5 Rxg3+ 37. Kh2 Nxe4 38. Rc7 Rc3 39. Bc4 Rc2+ 40. Kg1 Rc1+ 41. Kg2 Rc2+ 1/2-1/2

[Event "Turkey IS Bank Super League 2017"]
[Site "Darica-Kocaeli"]
[Date "2017.07.28"]
[Round "3"]
[White "Yaran, Siar"]
[Black "Uzumcu, Ahmet Utku"]
[Result "0-1"]
[ECO "A16"]
[WhiteElo "2253"]
[BlackElo "2223"]
[Annotator "NA"]
[PlyCount "160"]
[EventType "team-tourn"]
[EventCountry "TUR"]
[SourceTitle "playchess.com"]
[Source "ChessBase"]
[SourceQuality "1"]
[TimeControl "40/5400+30:1800+30"]

1. c4 Nf6 2. Nc3 d5 3. cxd5 Nxd5 4. g3 Nb6 5. Bg2 g6 6. d3 Bg7 7. Be3 Nc6 8. Bxc6+ bxc6 9. Qc1 h6 10. Nf3 Bh3 11. Rg1 Bg4 12. Nd2 h5 13. Nb3 a5 14. Nc5 O-O 15. Bh6 Bxh6 16. Qxh6 Qd4 17. N5e4 $14 Nd5 18. h3 Bf5 19. Ng5 Qg7 20. Qxg7+ Kxg7 21. g4 hxg4 22. hxg4 Bd7 23. Na4 Rh8 24. Nf3 Nf4 25. Rc1 Be6 26. Nd4 Bxa2 27. Rxc6 Rab8 28. Rc3 Rb4 29. Ra3 Bd5 30. Nc2 Nh3 31. Rg3 Rxa4 32. Rxa4 Bb3 33. Rxa5 Bxc2 34. Ra3 Bb1 35. Kd2 Nxf2 36. Ra1 Rh1 37. Rg2 Nh3 38. e3 Rf1 39. Re2 Ng1 40. Rg2 Nf3+ 41. Kc3 Rc1+ 42. Kb4 Rd1 43. Re2 Ne1 44. Kc3 Rxd3+ 45. Kc4 Rd1 46. Kc3 Nf3 47. b3 Bc2 48. Rxd1 Bxd1 49. Ra2 Ne5 50. Ra7 c6 51. g5 e6 52. Rc7 Kf8 53. b4 Ba4 54. Rc8+ Ke7 55. Rc7+ Kd6 56. Ra7 Bb5 57. e4 Bf1 58. Kd4 Bb5 59. Ke3 Nd7 60. Kd4 e5+ 61. Ke3 Bc4 62. Kd2 Ke6 63. Rc7 Bb5 64. Ke3 Nb8 65. Rc8 Na6 66. Re8+ Kd6 67. Rd8+ Ke7 68. Ra8 Nxb4 69. Ra7+ Ke6 70. Rb7 Nc2+ 71. Kd2 Nd4 72. Ke3 c5 73. Rb6+ Bc6 74. Ra6 Kd6 75. Ra7 Bd7 76. Ra6+ Ke7 77. Ra5 Ne6 78. Kd3 Kd6 79. Ra6+ Bc6 80. Ra7 Nxg5 0-1

[Event "Turkey IS Bank Super League 2017"]
[Site "Darica-Kocaeli"]
[Date "2017.07.28"]
[Round "3"]
[White "Kesgin, Halit Kaan"]
[Black "Dolgun, Can"]
[Result "1-0"]
[ECO "B51"]
[WhiteElo "2207"]
[BlackElo "2104"]
[Annotator "NA"]
[PlyCount "103"]
[EventType "team-tourn"]
[EventCountry "TUR"]
[SourceTitle "playchess.com"]
[Source "ChessBase"]
[SourceQuality "1"]
[TimeControl "40/5400+30:1800+30"]

1. e4 c5 2. Nf3 d6 3. Bb5+ Nd7 4. d4 cxd4 5. Qxd4 a6 6. Bxd7+ Bxd7 7. c4 e5 8. Qd3 b5 9. Nc3 bxc4 10. Qxc4 Be6 11. Qc6+ Bd7 12. Qc4 Be6 13. Qd3 h6 14. O-O Nf6 15. Rd1 Be7 16. Ne1 O-O $11 17. Nc2 Qb8 18. Ne3 Rc8 19. b3 Ra7 20. Bd2 Rac7 21. Rac1 Qa8 22. f3 Qa7 23. g3 Rc6 24. Kg2 Bd8 25. Ncd5 Nxd5 26. Rxc6 Nf4+ 27. gxf4 Rxc6 28. f5 Bc8 29. Nd5 a5 30. Be3 Qd7 31. Qd2 f6 32. Kh1 Ba6 33. Rg1 g5 34. fxg6 Qh3 35. Ne7+ Kf8 36. g7+ Kxe7 37. g8=Q Qxf3+ 38. Qgg2 Qxg2+ 39. Rxg2 Kd7 40. Rg7+ Kc8 41. Qd5 Bb7 42. Qf7 Rc7 43. Qe6+ Kb8 44. Rxc7 Bxe4+ 45. Kg1 Bxc7 46. Qe8+ Kb7 47. Qb5+ Kc8 48. Bb6 Bxb6+ 49. Qxb6 a4 50. bxa4 Bb7 51. a5 d5 52. a6 1-0

[Event "Turkey IS Bank Super League 2017"]
[Site "Darica-Kocaeli"]
[Date "2017.07.28"]
[Round "3"]
[White "Yelken, Mustafa"]
[Black "Kiremitciyan, Ari"]
[Result "1/2-1/2"]
[ECO "C41"]
[WhiteElo "2171"]
[BlackElo "2240"]
[Annotator "NA"]
[PlyCount "190"]
[EventType "team-tourn"]
[EventCountry "TUR"]
[SourceTitle "playchess.com"]
[Source "ChessBase"]
[SourceQuality "1"]
[TimeControl "40/5400+30:1800+30"]

1. e4 d6 2. d4 Nf6 3. Nc3 e5 4. Nf3 Nbd7 5. Bc4 Be7 6. O-O O-O 7. Re1 c6 8. a4 a5 9. b3 Nb6 10. Bf1 exd4 11. Qxd4 d5 12. Bb2 dxe4 13. Nxe4 Qxd4 14. Bxd4 $14 Nbd5 15. Nxf6+ Bxf6 16. Bc4 Bxd4 17. Nxd4 Nb6 18. Re7 Bd7 19. Rae1 Rad8 20. R7e5 Rfe8 21. Kf1 Rxe5 22. Rxe5 Nxc4 23. bxc4 b6 24. c5 f6 25. Re7 Kf8 26. Re3 bxc5 27. Nb3 c4 28. Nxa5 Ra8 29. Nxc4 Rxa4 30. Nb6 Ra1+ 31. Ke2 Be8 32. Rc3 Ke7 33. Nc4 Bh5+ 34. f3 Bg6 35. Ne3 Kd6 36. Rb3 Kc7 37. Rc3 Kd6 38. Nc4+ Kc7 39. Ne3 Kd6 40. Rb3 Kc7 41. h3 Ra2 42. Kd2 Ra1 43. Rb4 h5 44. Rc4 Kd6 45. Rd4+ Kc7 46. Rb4 Ra3 47. Rc4 Kd6 48. Rf4 Ra1 49. Rb4 Kc7 50. Rh4 Ra5 51. Rc4 Kd7 52. Rb4 Kc7 53. Rb1 Ra2 54. Rg1 Ra4 55. g4 hxg4 56. hxg4 Rd4+ 57. Ke2 Ra4 58. Rh1 Ra8 59. Kd2 Rd8+ 60. Kc3 Re8 61. Kd2 Rd8+ 62. Ke2 Re8 63. Kf2 Rd8 64. Ke2 Re8 65. Ra1 Kb7 66. Kd2 Rh8 67. Nf5 Rh2+ 68. Ke3 Bxf5 69. gxf5 Rg2 70. f4 Kb6 71. Rc1 Kc5 72. Kf3 Rh2 73. Rg1 Rxc2 74. Rxg7 Rd2 75. Rf7 Rd6 76. Ke4 Kb5 77. Re7 c5 78. Re6 Kc6 79. Re8 c4 80. Re6 c3 81. Rxd6+ Kxd6 82. Kd3 Kd5 83. Kxc3 Ke4 84. Kd2 Kf3 85. Ke1 Kxf4 86. Kf2 Kxf5 87. Kf3 Ke5 88. Ke3 f5 89. Kf3 f4 90. Kf2 Ke4 91. Ke2 f3+ 92. Kf2 Kf4 93. Kf1 Ke3 94. Ke1 f2+ 95. Kf1 Kf3 1/2-1/2

[Event "Turkey IS Bank Super League 2017"]
[Site "Darica-Kocaeli"]
[Date "2017.07.28"]
[Round "3"]
[White "Bozbey, Ali"]
[Black "Sevgi, Volkan"]
[Result "0-1"]
[ECO "B23"]
[WhiteElo "2139"]
[BlackElo "2199"]
[Annotator "NA"]
[PlyCount "70"]
[EventType "team-tourn"]
[EventCountry "TUR"]
[SourceTitle "playchess.com"]
[Source "ChessBase"]
[SourceQuality "1"]
[TimeControl "40/5400+30:1800+30"]

1. e4 c5 2. Nc3 e6 3. g3 d5 4. exd5 exd5 5. d4 Nc6 6. dxc5 Nf6 $11 7. Bg5 Bxc5 8. Qe2+ Be6 9. Bh3 Nd4 10. Qd3 O-O 11. O-O-O Nc6 12. Qf3 Bd4 13. Bxf6 Bxf6 14. Nxd5 Bxd5 15. Qxd5 Qb6 16. Qb3 Qc5 17. Qd5 Qxf2 {[%emt 0:01:30] 7 [%clk 0:44:0]} 18. Qf3 Qc5 19. Kb1 Ne5 20. Qc3 Qb6 21. Qb3 Qc6 22. Ne2 Nc4 23. Rhf1 Rad8 24. Bd7 Qc7 25. Bb5 Nd2+ 26. Rxd2 Rxd2 27. Nf4 Qe5 28. Bd3 Rf2 29. Rd1 Rxh2 30. a3 Rd8 31. Qb4 g5 32. Re1 a5 33. Rxe5 axb4 34. Rf5 gxf4 35. Rxf6 b3 0-1

[Event "Turkey IS Bank Super League 2017"]
[Site "Darica-Kocaeli"]
[Date "2017.07.28"]
[Round "3"]
[White "Ererdem, Gani Eren"]
[Black "Arat, Ufuk Sezen"]
[Result "1-0"]
[ECO "E11"]
[WhiteElo "2090"]
[BlackElo "2400"]
[Annotator "NA"]
[PlyCount "101"]
[EventType "team-tourn"]
[EventCountry "TUR"]
[SourceTitle "playchess.com"]
[Source "ChessBase"]
[SourceQuality "1"]
[TimeControl "40/5400+30:1800+30"]

1. d4 Nf6 2. Nf3 e6 3. c4 Bb4+ 4. Bd2 a5 5. g3 d6 6. Bg2 Bxd2+ 7. Qxd2 Nbd7 8. O-O O-O 9. Nc3 {[%emt 0:01:30] LiveBook: 34 Games} e5 10. Rfd1 Qe7 $14 11. Qc2 c6 12. d5 c5 13. e4 Nb6 14. b3 a4 15. Rab1 axb3 16. axb3 Bg4 17. Rf1 Nfd7 18. Ne1 Nb8 19. f4 exf4 20. gxf4 f5 21. h3 Bh5 22. exf5 Qe3+ 23. Kh1 Na6 24. Ne4 Nb4 25. Qf2 Qxf2 26. Rxf2 Nc8 27. Ng3 Be8 28. Be4 Bd7 29. Ng2 b5 30. Ne3 Ra3 31. Rg2 Rf7 32. Nh5 Kf8 33. Rg3 Nb6 34. cxb5 Bxb5 35. Rbg1 Raa7 36. f6 g6 37. f5 Bd3 38. Bxd3 Nxd3 39. fxg6 hxg6 40. Rxg6 Ke8 41. Rg8+ Kd7 42. R1g7 Ra1+ 43. Kh2 Ne5 44. Rf8 Nf3+ 45. Kg3 Rg1+ 46. Ng2 Ne5 47. Rgxf7+ Nxf7 48. Rxf7+ Kd8 49. Nhf4 Nd7 50. Ne6+ Kc8 51. Rxd7 1-0

[Event "Turkey IS Bank Super League 2017"]
[Site "Darica-Kocaeli"]
[Date "2017.07.28"]
[Round "3"]
[White "Karagollu, Ahmet"]
[Black "Goksel, Doga Cihan"]
[Result "1-0"]
[ECO "C00"]
[WhiteElo "2083"]
[BlackElo "2247"]
[Annotator "NA"]
[PlyCount "55"]
[EventType "team-tourn"]
[EventCountry "TUR"]
[SourceTitle "playchess.com"]
[Source "ChessBase"]
[SourceQuality "1"]
[TimeControl "40/5400+30:1800+30"]

1. e4 c5 2. Nf3 e6 3. d3 Nc6 4. g3 g6 5. Bg2 Bg7 6. O-O Nge7 7. c3 O-O 8. Qe2 d6 9. Rd1 b6 10. d4 cxd4 11. cxd4 $14 a5 12. Bf4 Ba6 13. Qd2 Rc8 14. Nc3 Qd7 15. Bh6 Na7 16. h4 Nb5 17. Nxb5 Bxb5 18. h5 Rfe8 19. Bxg7 Kxg7 20. h6+ Kh8 21. d5 Ng8 22. dxe6 Qxe6 23. Qd4+ f6 24. Qxb6 Rb8 25. Qxa5 Nxh6 26. Nd4 Qe5 27. Qd2 Bd7 28. Qxh6 1-0

[Event "Turkey IS Bank Super League 2017"]
[Site "Darica-Kocaeli"]
[Date "2017.07.28"]
[Round "3"]
[White "Gundogan, Cem"]
[Black "Tirak, Mert"]
[Result "1/2-1/2"]
[ECO "B96"]
[WhiteElo "2062"]
[BlackElo "1909"]
[Annotator "NA"]
[PlyCount "68"]
[EventType "team-tourn"]
[EventCountry "TUR"]
[SourceTitle "playchess.com"]
[Source "ChessBase"]
[SourceQuality "1"]
[TimeControl "40/5400+30:1800+30"]

1. e4 c5 2. Nf3 d6 3. Nc3 Nf6 4. d4 cxd4 5. Nxd4 a6 6. Be3 Ng4 7. Bc1 Nf6 8. Be3 Ng4 9. Bc1 Nf6 10. Bg5 e6 11. f4 Qc7 12. Qf3 Nbd7 13. O-O-O b5 14. e5 Bb7 15. Qh3 dxe5 {[%emt 0:04:30] [#]} 16. Nxe6 $11 fxe6 17. Qxe6+ Be7 18. Bxb5 axb5 19. Nxb5 Qc6 20. Nd6+ Kd8 21. fxe5 Kc7 22. Qxe7 Rxa2 23. exf6 Ra1+ 24. Kd2 Qd5+ 25. Kc3 Qa5+ 26. Kd3 Qd5+ 27. Kc3 Qa5+ 28. Kd3 Qd5+ 29. Ke2 Qxg2+ 30. Kd3 Qd5+ 31. Ke2 Qg2+ 32. Kd3 Qd5+ 33. Kc3 Qa5+ 34. Kd3 Qd5+ 1/2-1/2

[Event "Turkey IS Bank Super League 2017"]
[Site "Darica-Kocaeli"]
[Date "2017.07.28"]
[Round "3"]
[White "Gulden, Egemen"]
[Black "Tarlabasi, Emirhan"]
[Result "1-0"]
[ECO "C09"]
[WhiteElo "2044"]
[BlackElo "2046"]
[Annotator "NA"]
[PlyCount "97"]
[EventType "team-tourn"]
[EventCountry "TUR"]
[SourceTitle "playchess.com"]
[Source "ChessBase"]
[SourceQuality "1"]
[TimeControl "40/5400+30:1800+30"]

1. e4 {[%emt 0:00:30] 7} e6 {[%emt 0:01:00] 7} 2. d4 {[%emt 0:00:30] 7} d5 3. Nd2 c5 4. Ngf3 Nc6 5. exd5 exd5 6. Bb5 Qe7+ 7. Be2 Nf6 8. O-O Qc7 9. dxc5 Bxc5 10. Nb3 Be7 11. c3 h6 12. Be3 O-O 13. h3 Be6 14. Nbd4 a6 15. a4 Bd6 16. Qc1 Nh5 17. Nxe6 fxe6 18. Ng5 hxg5 19. Bxh5 Bh2+ 20. Kh1 Bf4 21. g3 Bxe3 22. Qxe3 Qe7 23. Rad1 Rad8 24. Bf3 Rd6 25. Bg2 Rfd8 26. f4 gxf4 27. Rxf4 Rf8 28. Rh4 Rdd8 29. Qd3 Rf5 30. Re1 Qf6 31. Kh2 Ne5 32. Qe3 Rf8 33. Rf4 Rxf4 34. gxf4 Nc4 35. Qxe6+ Qxe6 36. Rxe6 Nxb2 37. Bxd5 Kh8 38. Re4 Nd1 39. Bxb7 Nxc3 40. Rc4 Ne2 41. f5 g6 42. Bxa6 Rxf5 43. h4 Nf4 44. Bc8 Rf8 45. a5 Nd5 46. Bb7 Ne3 47. Ra4 Nf5 48. a6 Rd8 49. a7 1-0

[Event "Turkey IS Bank Super League 2017"]
[Site "Darica-Kocaeli"]
[Date "2017.07.28"]
[Round "3"]
[White "Ozbay, Ece"]
[Black "Arda, Cagil Irmak"]
[Result "1/2-1/2"]
[ECO "B81"]
[WhiteElo "1970"]
[BlackElo "2080"]
[Annotator "NA"]
[PlyCount "106"]
[EventType "team-tourn"]
[EventCountry "TUR"]
[SourceTitle "playchess.com"]
[Source "ChessBase"]
[SourceQuality "1"]
[TimeControl "40/5400+30:1800+30"]

1. e4 c5 2. Nf3 e6 3. d4 cxd4 4. Nxd4 Nf6 5. Nc3 d6 6. g4 e5 7. Nf5 h5 8. Bg5 hxg4 9. Nd5 Bxf5 10. Bxf6 gxf6 11. exf5 Nc6 $16 12. Qxg4 Qa5+ 13. Nc3 d5 14. Qa4 Qxa4 15. Nxa4 Rh4 16. Nc3 Nb4 17. Bd3 Rc8 18. a3 Nxd3+ 19. cxd3 Rc5 20. O-O Bh6 21. Ne2 Rc2 22. Rfe1 Rxb2 23. Rab1 Rxb1 24. Rxb1 b6 25. Rb5 Ra4 26. Rxd5 Rxa3 27. Ng3 Ra5 28. Rd6 Ke7 29. Ne4 Bg5 30. Rc6 Rd5 31. Rc7+ Rd7 32. Rc3 Kd8 33. Kg2 Rc7 34. Rb3 Rc6 35. Kg3 Bc1 36. h4 Ke7 37. h5 Kf8 38. Kg4 Kg7 39. Nc3 a6 40. Ne2 b5 41. f4 Rc2 42. Kf3 Bd2 43. Rb1 Ra2 44. Rg1+ Kh6 45. fxe5 fxe5 46. Ke4 b4 47. f6 Bg5 48. Ng3 Bxf6 49. Rf1 Kg7 50. Nf5+ Kf8 51. Nh6 Kg7 52. Nf5+ Kf8 53. Nh6 Kg7 1/2-1/2

[Event "Turkey IS Bank Super League 2017"]
[Site "Darica-Kocaeli"]
[Date "2017.07.28"]
[Round "3"]
[White "Yassibag, Ipek Asli"]
[Black "Yurdakul, Didem Nuray"]
[Result "0-1"]
[ECO "B21"]
[WhiteElo "1880"]
[BlackElo "1697"]
[Annotator "NA"]
[PlyCount "94"]
[EventType "team-tourn"]
[EventCountry "TUR"]
[SourceTitle "playchess.com"]
[Source "ChessBase"]
[SourceQuality "1"]
[TimeControl "40/5400+30:1800+30"]

1. e4 c5 2. d4 cxd4 3. c3 d3 4. Bxd3 Nc6 5. Nf3 d6 6. h3 g6 7. O-O Bg7 8. Qe2 Nf6 9. Bc4 O-O 10. Rd1 Qc7 11. Bf4 Nd7 12. Na3 a6 13. Nc2 b5 14. Bd5 Bb7 15. Rac1 Na5 16. Ne3 Rac8 17. c4 bxc4 18. b4 Nc6 19. Nxc4 Qb8 20. Nxd6 exd6 21. Bxc6 Rxc6 22. Rxc6 Bxc6 23. Bxd6 Qb7 24. Bxf8 Kxf8 25. Qc4 Bb5 26. Qb3 Bf6 27. Qc2 Bc6 28. Qd2 Be7 29. a3 Nf6 30. Qh6+ Kg8 31. e5 Bf8 32. Rd8 Ne8 33. Qe3 Be7 34. Rd3 Ng7 35. Qc1 Nf5 36. Qd2 Bb5 37. Rc3 Kf8 38. Qc2 Qb6 39. Qd2 Ng3 40. Rc8+ Kg7 41. Qb2 Ne2+ 42. Kh2 Qxf2 43. Rc7 Bg5 44. Rxf7+ Kxf7 45. Nxg5+ Ke7 46. Nf3 Bc6 47. Qc3 Nxc3 0-1

[Event "Turkey IS Bank Super League 2017"]
[Site "Darica-Kocaeli"]
[Date "2017.07.28"]
[Round "3"]
[White "Ayan, Bengu Sena"]
[Black "Avramidou, Anastasia"]
[Result "0-1"]
[ECO "A21"]
[WhiteElo "1862"]
[BlackElo "2247"]
[Annotator "NA"]
[PlyCount "76"]
[EventType "team-tourn"]
[EventCountry "TUR"]
[SourceTitle "playchess.com"]
[Source "ChessBase"]
[SourceQuality "1"]
[TimeControl "40/5400+30:1800+30"]

1. d4 {[%emt 0:00:30] 6} d6 {[%emt 0:01:00] 6} 2. c4 {[%emt 0:00:30] 6} e5 3. Nf3 e4 4. Nfd2 f5 5. e3 Nf6 6. Nc3 c5 7. Nb3 Nc6 8. Be2 Be7 {[%emt 0:05:30] LiveBook: 12 Games} 9. O-O O-O 10. f3 $11 a5 11. a4 b6 12. fxe4 fxe4 13. Bd2 Qe8 14. Be1 Qg6 15. Bg3 Bf5 16. Rf4 Rad8 17. Qd2 d5 18. Raf1 Be6 19. cxd5 Nxd5 20. Rxf8+ Bxf8 21. Nxd5 Bxd5 22. Qc3 Qe6 23. Bb5 Bxb3 24. Bxc6 cxd4 25. exd4 Bb4 26. Qe3 Bc4 27. Qg5 Be7 28. d5 Bxg5 29. dxe6 Bxf1 30. Kxf1 Kf8 31. Bd7 Ke7 32. Bc7 Rf8+ 33. Ke2 Bf4 34. Bxb6 Rb8 35. Bc5+ Bd6 36. Bd4 Bxh2 37. Ke3 Bg1+ 38. Kxe4 Rb4 0-1

[Event "Turkey IS Bank Super League 2017"]
[Site "Darica-Kocaeli"]
[Date "2017.07.28"]
[Round "3"]
[White "Kargaci, Humeyra"]
[Black "Ayazmali, Gizem"]
[Result "1/2-1/2"]
[ECO "E92"]
[WhiteElo "1737"]
[BlackElo "1849"]
[Annotator "NA"]
[PlyCount "83"]
[EventType "team-tourn"]
[EventCountry "TUR"]
[SourceTitle "playchess.com"]
[Source "ChessBase"]
[SourceQuality "1"]
[TimeControl "40/5400+30:1800+30"]

1. d4 {[%emt 0:00:30] 9} Nf6 {[%emt 0:01:00] 9} 2. c4 {[%emt 0:00:30] 9} g6 3. Nc3 Bg7 4. e4 d6 5. Nf3 O-O 6. Be2 e5 7. dxe5 dxe5 8. Bg5 Qxd1+ 9. Rxd1 c6 10. Nd2 h6 11. Be3 Na6 12. f3 Rd8 13. Kf2 Be6 14. Nb3 b6 15. c5 Rxd1 16. Rxd1 Bxb3 17. axb3 Nxc5 18. Bxc5 bxc5 19. Ra1 Nd7 20. Ra6 Nb6 21. Na4 Nxa4 22. Rxa4 {[%emt 0:00:30] 0} Bf8 23. Bc4 {[%emt 0:01:30] 2} a5 24. Ra1 {[%emt 0:00:30] 4} Bd6 25. Ke2 {[%emt 0:01:30] ]} Kf8 26. h4 {[%emt 0:02:30] 8} Ke7 27. Rh1 {[%emt 0:02:30] 1 [%clk 1:00:0]} Bc7 28. h5 g5 29. g4 Rd8 30. Rd1 Rd4 31. Ra1 f6 32. Ke3 Rd8 33. Ke2 Rb8 34. Ke3 Rb4 35. Ke2 a4 36. Rxa4 Rxa4 37. bxa4 Kd7 38. Kd3 Ba5 39. Kc2 Kc7 40. b3 Kb6 41. Kd3 Be1 42. Ke2 1/2-1/2